 Dungeon Crawl Stone Soup version 0.31-a0-702-gf82c85558f (webtiles) character file.

Game seed: 18311680519617169652

117 qw the Shooter (level 5, -3/32 HPs)
             Began as a Gargoyle Hunter on Sept 8, 2023.
             Slain by an orc
             ... wielding a +0 dagger
              (4 damage)
             ... on level 3 of the Dungeon.
             The game lasted 00:00:44 (2021 turns).

qw the Shooter (Gargoyle Hunter)                    Turns: 2021, Time: 00:00:44

Health: -3/32      AC:  7    Str: 14    XL:     5   Next: 1%
Magic:  5/5        EV: 11    Int: 10    God:
Gold:   2129       SH:  0    Dex: 15    Spells: 4/4 levels left

rFire   . . .        Y - +0 shortbow (flame)
rCold   . . .        (shield currently unavailable)
rNeg    + . .        c - +0 leather armour
rPois   inf          (no helmet)
rElec   +            (no cloak)
rCorr   .            (no gloves)
SInv    .            (no boots)
Will    .....        (no amulet)
Stlth   ++           f - +4 ring of slaying {mikee}
HPRegen 0.25/turn    (no ring)
MPRegen 0.09/turn

%: no passive effects
@: brilliant, about to teleport
A: sickness immunity, AC +4, negative energy resistance 1, electricity
resistance, torment resistance 1, petrification resistance
a: no special abilities


You were on level 3 of the Dungeon.
You visited 1 branch of the dungeon, and saw 3 of its levels.

You collected 2129 gold pieces.


Innate Abilities, Weirdness & Mutations

You are immune to sickness and miasma.
Your stone body is resilient. (AC +4)
You are immune to poison.
You resist negative energy. (rN+)
You are resistant to electric shocks. (rElec)
You are resistant to unholy torment.
You are immune to petrification.


   Skills:
 - Level 3.0 Fighting
 + Level 5.8 Ranged Weapons
 - Level 1.5 Dodging
 - Level 1.1 Stealth


You had 4 spell levels left.
You didn't know any spells.
Your spell library was empty.

Inventory:

Hand Weapons
 Y - a +0 shortbow of flaming (weapon)
Armour
 c - a +0 leather armour (worn)
Jewellery
 f - a +4 ring of slaying (left hand) {mikee}
Potions
 d - a potion of attraction {unknown}
 g - a potion of haste {unknown}
 h - a potion of cancellation {unknown}

Dungeon Overview and Level Annotations

Branches:
Dungeon (3/15)

Altars:
Zin


Message History

The orc wizard flickers and vanishes!
Deactivating autopickup; reactivate with Ctrl-A.
The orc priest mumbles some strange prayers to Beogh against you.
Beogh smites you!
2015 |||
Found retreat position at -1,-1 (floor) with 0 blocking monsters and 4 monsters attacking at destination at distance 1
2015 ||| Stepping ~*~*~tactically~*~*~ (retreating).
The orc wizard attacks as it pursues you!
The orc wizard hits you with a +0 dagger.
You shoot an arrow. The arrow hits the orc wizard!
The arrow burns the orc wizard.
The orc wizard is severely wounded.
You shoot an arrow. The arrow barely misses the orc wizard.
Something hits you. The orc wizard barely misses you.
You shoot an arrow. The arrow hits the orc wizard!
The arrow burns the orc wizard.
You kill the orc wizard!
The adder misses you. Something hits you but does no damage.
The adder bites you but does no damage. The adder misses you.
You shoot an arrow. The arrow closely misses the adder.
The arrow hits the orc.
The arrow burns the orc.
The orc is moderately wounded.
The ball python bites you. The ball python closely misses you.
The adder barely misses you. Something hits you but does no damage.
The adder barely misses you. The ball python completely misses you.
The ball python closely misses you.
You shoot an arrow. The arrow hits the adder!
The arrow burns the adder.
You kill the adder!
The adder bites you but does no damage.
You hear some strange, mumbled words.
A puff of flame appears from out of thin air!
The puff of flame hits you!
The orc priest casts a cantrip, but nothing happens.
The ball python bites you. The ball python barely misses you.
The adder closely misses you.
You have reached level 5!
2021 ||| READING scroll of teleportation.
As you read the scroll of teleportation, it crumbles to dust.
You feel strangely unstable. Something hits you.
The orc hits you with a +0 dagger.
You die...

# ##.##########
##.....#@S...##
#.....oSo{.>..#
.......<.........
$..............##
......#.#......#
......._.........
(.....#.#........
#..............(.
##... .#.........


You could see an orc priest, an adder, an orc and a ball python.

Vanquished Creatures
  An orc wizard (D:3)
  A gnoll (D:1)
  2 adders
  A worm (D:2)
  6 bats
  4 endoplasms
  13 giant cockroaches
  5 goblins (D:2)
  3 hobgoblins
  3 jackals (D:1)
  3 kobolds
  3 quokkas (D:1)
  3 ball pythons (D:1)
  A frilled lizard (D:2)
  6 rats
55 creatures vanquished.

Notes
Turn   | Place    | Note
-------+----------+-------------------------------------------
     0 | D:1      | qw the Gargoyle Hunter began the quest for the Orb.
     0 | D:1      | Reached XP level 1. HP: 12/12 MP: 1/1
     0 | D:1      | 0 ||| qw: Version: 0.3-a-76-g4403597
     0 | D:1      | 0 ||| qw: Game counter: 1140
     0 | D:1      | 0 ||| qw: Melee chars always use a shield: true
     0 | D:1      | 0 ||| qw: God list: Okawaru
     0 | D:1      | 0 ||| qw: Allow faded altars: false
     0 | D:1      | 0 ||| qw: Do Orc after clearing Dungeon:15 true
     0 | D:1      | 0 ||| qw: Do second Lair branch before Depths: true
     0 | D:1      | 0 ||| qw: Lair rune preference: random
     0 | D:1      | 0 ||| qw: Goals: Normal
     0 | D:1      | 0 ||| PLANNING D:1-11
    77 | D:1      | 77 ||| Stepping ~*~*~tactically~*~*~ (retreating).
    78 | D:1      | 78 ||| Stepping ~*~*~tactically~*~*~ (retreating).
    79 | D:1      | 79 ||| RETREATING.
    82 | D:1      | 82 ||| Stepping ~*~*~tactically~*~*~ (retreating).
    84 | D:1      | 84 ||| Stepping ~*~*~tactically~*~*~ (retreating).
    88 | D:1      | Reached XP level 2. HP: 6/17 MP: 2/2
   389 | D:1      | Reached XP level 3. HP: 20/21 MP: 3/3
   504 | D:1      | Reached skill level 5 in Ranged Weapons
   776 | D:1      | Found a faded altar of an unknown god.
   966 | D:1      | 966 ||| DROPPING ring of magical power.
   967 | D:1      | 967 ||| READING scroll labelled RUCI GIOCAOD.
   967 | D:1      | Identified a scroll of acquirement
   967 | D:1      | 967 ||| ACQUIRING 1298 gold pieces
   967 | D:1      | Acquired 1298 gold pieces
   969 | D:1      | 969 ||| READING scroll labelled PIRYOBB FILO.
   970 | D:1      | 970 ||| READING scroll labelled POYRGH XECSESU.
  1071 | D:1      | 1071 ||| READING scroll labelled QEYCAMMITIF.
  1072 | D:1      | 1072 ||| READING scroll labelled UFFEGH NEMIU.
  1073 | D:1      | 1073 ||| DROPPING scroll of butterflies.
  1106 | D:2      | 1106 ||| STAIRDANCE
  1162 | D:2      | 1162 ||| STAIRDANCE
  1191 | D:2      | 1191 ||| STAIRDANCE
  1261 | D:2      | Reached skill level 3 in Fighting
  1275 | D:2      | Reached XP level 4. HP: 24/28 MP: 4/4
  1458 | D:2      | 1458 ||| READING scroll of acquirement.
  1458 | D:2      | 1458 ||| ACQUIRING 732 gold pieces
  1458 | D:2      | Acquired 732 gold pieces
  1976 | D:2      | 1976 ||| UPGRADING to +4 ring of slaying {mikee}.
  1977 | D:2      | 1977 ||| READING scroll labelled DOKEUMPONIS.
  1978 | D:2      | 1978 ||| READING scroll labelled YPLU LYSELOFF.
  1979 | D:2      | 1979 ||| READING scroll labelled VEHAUR PINTIES.
  1980 | D:2      | 1980 ||| READING 2 scrolls labelled VOWEWU MOFATU.
  1984 | D:2      | 1984 ||| DRINKING 2 dark potions.
  1985 | D:2      | 1985 ||| DROPPING potion of brilliance.
  2012 | D:3      | Found a glowing silver altar of Zin.
  2013 | D:3      | 2013 ||| RETREATING.
  2015 | D:3      | 2015 ||| Stepping ~*~*~tactically~*~*~ (retreating).
  2020 | D:3      | HP: 3/28 [something/puff of flame (11)]
  2020 | D:3      | HP: 1/28 [ball python (2)]
  2021 | D:3      | Reached XP level 5. HP: 2/32 MP: 5/5
  2021 | D:3      | 2021 ||| READING scroll of teleportation.
  2021 | D:3      | Slain by an orc

Levels and vault maps discovered:
D:1:      nicolae_arrival_somewhat_less_tricky_arrival, layout_basic,
          shapermc_ecumenical_altar_rom_forum
D:2:      minmay_roachtagon, layout_basic, minivault_26, minivault_23,
          kennysheep_doodads
D:3:      layout_rooms, lemuel_crystal_altar,
          grunt_temple_overflow_growth_and_decay,
          mainiacjoe_overflow_six_doors_small, mainiacjoe_overflow_big_doors

Skill      XL: |  1  2  3 |
---------------+----------+-----
Ranged Weapons | 5 |  5.8
Fighting       | 3 |  3.0
Dodging        | |  1.5
Stealth        | |  1.1

Action                     |  1- 3 |  4- 6 || total
---------------------------+-------+-------++-------
   Fire: Shortbow          |   103 |    49 ||   152
    Use: Scroll            |     5 |     6 ||    11
         Potion            |       |     1 ||     1
 Armour: Leather armour    |    48 |    15 ||    63
  Dodge: Dodged            |    46 |    17 ||    63

Table legend:
 A = Non-vault XP
 B = Vault XP
 C = Vault XP percentage of total XP
 D = Non-vault monster count
 E = Vault monster count
 F = Vault count percentage of total count
                 A         B        C        D         E       F
            +---------+---------+-------+---------+---------+-------
      Total |     144 |      24 |  14.3 |      43 |      12 |  21.8
            +---------+---------+-------+---------+---------+-------
        D:1 |      50 |       0 |   0.0 |      21 |       0 |   0.0
        D:2 |      46 |      24 |  34.3 |      20 |      12 |  37.5
        D:3 |      48 |       0 |   0.0 |       2 |       0 |   0.0
            +---------+---------+-------+---------+---------+-------
